 Dungeon Crawl Stone Soup version 0.29-a0-451-gfbfa42419e (webtiles) character file.

Game seed: 7461560457299377874

70 acebull12 the Sneak (level 4, 0/25 HPs)
             Began as a Kobold Enchanter on May 20, 2022.
             Slain by a gnoll
             ... wielding a +0 club
              (7 damage)
             ... on level 2 of the Dungeon.
             The game lasted 00:02:37 (1469 turns).

acebull12 the Sneak (Kobold Enchanter)              Turns: 1469, Time: 00:02:37

Health: 0/25       AC:  3    Str:  7    XL:     4   Next: 44%
Magic:  7/7        EV: 15    Int: 16    God:
Gold:   45         SH:  0    Dex: 15    Spells: 7/7 levels left

rFire   . . .      SeeInvis .   i - +0 dagger (vamp)
rCold   . . .      Faith    .   (no shield)
rNeg    . . .      Spirit   .   b - +0 robe
rPois   .          Reflect  .   (no helmet)
rElec   .          Harm     .   d - +0 cloak
rCorr   .          Rampage  .   (no gloves)
Will    .....                   (no boots)
Stlth   ++++......              (no amulet)
HPRegen 0.08/turn               (no ring)
MPRegen 0.10/turn               (no ring)

@: no status effects
A: small, no large weapons, nightstalker 3
a: no special abilities


You were on level 2 of the Dungeon.
You visited 1 branch of the dungeon, and saw 2 of its levels.

You collected 45 gold pieces.

Inventory:

Hand Weapons
 a - a +1 dagger
 i - a +0 vampiric dagger (weapon)
Armour
 b - a +0 robe (worn)
 d - a +0 cloak (worn)
Jewellery
 f - a ring of wizardry
Scrolls
 e - 2 scrolls of enchant weapon {unknown}
 k - a scroll of fear {unknown}
 l - a scroll of amnesia {unknown}
 m - 3 scrolls of vulnerability {unknown}
Potions
 c - 2 potions of invisibility
 g - a potion of lignification {unknown}
 h - a potion of curing {unknown}
 j - a potion of haste {unknown}
 n - a potion of heal wounds {unknown}


   Skills:
 * Level 1.4 Fighting
 * Level 2.7 Short Blades
 + Level 2.5 Dodging
 + Level 4.9 Stealth
 + Level 2.2 Spellcasting
 * Level 3.5 Hexes


You had 7 spell levels left.
You didn't know any spells.
Your spell library contained the following spells:

 Spells                   Type           Power      Damage    Failure   Level
 Ensorcelled Hibernation  Hex/Ice        14%        N/A       14%         2
 Confusing Touch          Hex            13%        N/A       14%         3
 Tukima's Dance           Hex            13%        N/A       14%         3
 Beastly Appendage        Tmut           2%         N/A       21%         1
 Magic Dart               Conj           4%         1d3       21%         1
 Dazzling Flash           Conj/Hex       14%        N/A       28%         3
 Call Imp                 Summ           1%         N/A       30%         2
 Wereblood                Tmut           1%         N/A       30%         2
 Mephitic Cloud           Conj/Pois/Air  1%         N/A       52%         3
 Spider Form              Tmut/Pois      1%         N/A       52%         3


Dungeon Overview and Level Annotations

Branches:
Dungeon (2/15)

Altars:


Innate Abilities, Weirdness & Mutations

You are small and have problems with some larger weapons.
You are completely attuned to the shadows.


Message History

The gnoll is moderately wounded.
The gnoll misses you.
A ball python comes into view.
You barely miss the gnoll.
The gnoll is moderately wounded.
The gnoll closely misses you.
You hit the gnoll.
The gnoll is moderately wounded.
The gnoll completely misses you.
You hit the gnoll.
You feel better.
The gnoll is heavily wounded.
The gnoll hits you with a +0 flail.
You hit the gnoll.
You feel better.
The gnoll is severely wounded.
The gnoll hits you but does no damage.
You hit the gnoll but do no damage.
The gnoll is severely wounded.
You hit the gnoll.
You feel better.
The gnoll is severely wounded.
The gnoll hits you with a +0 flail.
You hit the gnoll but do no damage.
The gnoll is severely wounded.
The gnoll completely misses you.
You hit the gnoll but do no damage.
The gnoll is severely wounded.
The gnoll hits you with a +0 flail.
You barely miss the gnoll.
The gnoll is severely wounded.
The gnoll hits you with a +0 flail.
You barely miss the gnoll.
The gnoll is severely wounded.
The gnoll misses you.
You hit the gnoll.
You kill the gnoll!
The gnoll attacks as you move away! The gnoll barely misses you.
The gnoll attacks as you move away! The gnoll hits you with a +0 club.
* * * LOW HITPOINT WARNING * * *
The gnoll attacks as you move away! The gnoll closely misses you.
The gnoll attacks as you move away! The gnoll hits you with a +0 club!
You die...

........#
#...)gl......
#######.#
#S###........ ..
#.# #.#
#........ .
...#.# #.#
#........ #.
...#.###. #.#
#........ #
......... #.#
#........ .
...#.##### #g#
#........
.......... #g#
####.########@##
...............#
#..........#...#
#..........#...#
#..........#...#
......#####...#
#.... ##....


You could see 2 gnolls.

Vanquished Creatures
  A gnoll (D:2)
  An adder (D:2)
  A dart slug (D:1)
  4 ball pythons (D:1)
  4 endoplasms
  3 giant cockroaches (D:1)
  3 goblins (D:1)
  6 hobgoblins
  2 jackals (D:2)
  7 kobolds (D:1)
  A quokka (D:1)
  3 bats (D:1)
  3 frilled lizards
  3 rats
42 creatures vanquished.

Notes
Turn   | Place    | Note
-------+----------+-------------------------------------------
     0 | D:1      | acebull12 the Kobold Enchanter began the quest for the Orb.
     0 | D:1      | Reached XP level 1. HP: 10/10 MP: 3/3
   147 | D:1      | Reached XP level 2. HP: 15/15 MP: 5/5
   443 | D:1      | Reached XP level 3. HP: 19/20 MP: 6/6
   485 | D:1      | Reached skill level 1 in Fighting
  1334 | D:2      | Reached XP level 4. HP: 25/25 MP: 7/7
  1469 | D:2      | Slain by a gnoll

Illustrated notes

Levels and vault maps discovered:
D:1:      dpeg_arrival_long_road, layout_loops_corners
D:2:      layout_basic

Skill      XL: |  1  2  3 |
---------------+----------+-----
Fighting       | 1 |  1.4
Short Blades   | 2 |  2.7
Dodging        | |  2.5
Stealth        | |  4.9
Spellcasting   | |  2.2
Hexes          | |  3.5

Action                   |  1- 3 |  4- 6 || total
-------------------------+-------+-------++-------
Melee: Dagger            |    69 |    26 ||    95
       Punch             |     2 |       ||     2
 Stab: Sleeping          |    23 |     4 ||    27
Armor: Robe              |     7 |     1 ||     8
Dodge: Dodged            |    36 |    14 ||    50

Table legend: (Time is in decaauts)
 A = Elapsed time spent in this place.
 B = Non-inter-level travel time spent in this place.
 C = Inter-level travel time spent in this place.
 D = Time resting spent in this place.
 E = Time spent auto-exploring this place.
 F = Levels seen in this place.
 G = Mean time per level.
                   A        B        C        D        E       F      G
               +--------+--------+--------+--------+--------+-----+--------+
         Total |   1459 |   1382 |     77 |    121 |    987 |   2 |  729.5 |
       Dungeon |   1459 |   1382 |     77 |    121 |    987 |   2 |  729.5 |
               +--------+--------+--------+--------+--------+-----+--------+

Top non-repeatable levels by time:
     D:1: 1257 daAuts
     D:2: 201 daAuts
